Unix NetHack Version 5.0.0-0 post-release - last build Jun 10 2026 00:39:30 (3ee93aec679c4c4259841fe613dc97188e26a321,branch:main).

Game began 2026-06-27 08:50:10, ended 2026-06-27 09:27:03.

DiePARTEI, neutral male human Tourist

                           ----          -----------
                          --.>--------   |.........|
                          |..........|   |.........|
                          |d0-----.-.|   |.........|
                          |..|...|00.|   |....<....|
                          |.0.0.0...-|   |.........|
                          |.0..0..|..|   |.........|
                          |G----..--.|   |.........|
                          |........|.--  |.........|
                          |.---.-...*.------------+|
                          |...|..*-..^......^^^^^^.|
                          |.........----------------
                          -----..|..|
                              -------

DiePARTEI the Excursionist  St:9 Dx:14 Co:16 In:12 Wi:7 Ch:17  Neutral
Dlvl:4  $:260 HP:0(52) Pw:21(21) AC:1  Xp:6 T:4254  Burdened

Latest messages:
 The elf mummy misses!
 In what direction? 1
 The dart hits the elf mummy!
 The elf mummy hits!
 In what direction? 1
 You throw 2 darts.
 The 1st dart hits the elf mummy!
 The 2nd dart hits the elf mummy.
 The elf mummy misses!
 In what direction? 1
 You throw 2 darts.
 The 1st dart hits the elf mummy!
 The 2nd dart misses the elf mummy.
 The elf mummy hits!
 The elf mummy hits!
 In what direction? 1
 You throw 2 darts.
 The 1st dart hits the elf mummy!
 You destroy the elf mummy!
 The werewolf picks up 7 +2 darts.
 In what direction? 2
 The dart hits the werewolf.
 The werewolf changes into a wolf.
 The werewolf bites!
 The werewolf misses!
 You have no ammunition readied.
 What do you want to fire? [$xB or ?*] <enter>
 Never mind.
 What do you want to ready? [$xB or ?*] x
 x - 5 darts (at the ready).
 In what direction? 2
 You throw 2 darts.
 The 1st dart misses the werewolf.
 The 2nd dart misses the werewolf.
 The werewolf misses!
 In what direction? 2
 You throw 2 darts.
 The 1st dart misses the werewolf.
 The 2nd dart misses the werewolf.
 The werewolf bites!
 #rp: unknown extended command.
 Are you sure you want to pray? [yn] (n) y
 You begin praying to The Lady.
 The werewolf bites!
 You die...
 Do you want your possessions identified? [ynq] (y) y
 Do you want to see your attributes? [ynq] (y) y
 Do you want an account of creatures vanquished? [ynaq] (y) y
 Do you want to see your conduct and achievements? [ynq] (y) y
 Do you want to see the dungeon overview? [ynq] (y) y

Inventory:
 Coins    ('$')
  $ - 260 gold pieces
 Weapons  (')')
  B - 6 +1 darts
  x - a +0 dart (at the ready)
 Armor    ('[')
  M - an uncursed +0 orcish helm (being worn)
  a - an uncursed rotted +0 pair of elven boots
  Z - a blessed +1 pair of iron shoes (being worn)
  b - an uncursed +0 dwarvish cloak (being worn)
  l - an uncursed +0 Hawaiian shirt with a tropical fish motif (being worn)
  J - an uncursed +0 elven mithril-coat (being worn)
 Comestibles  ('%')
  K - 3 uncursed slime molds
  f - 11 uncursed food rations
  h - 2 uncursed fortune cookies
  c - an uncursed melon
  v - an uncursed pancake
  W - an uncursed tripe ration
 Scrolls  ('?')
  F - an uncursed scroll of blank paper
  z - 2 uncursed scrolls of confuse monster
  q - 2 uncursed scrolls of earth
  T - an uncursed scroll of fire
  r - an uncursed scroll of punishment
  s - an uncursed scroll of remove curse
  j - an uncursed scroll of teleportation
 Potions  ('!')
  S - a cursed potion of blindness
  i - an uncursed potion of enlightenment
  H - an uncursed potion of fruit juice
  G - an uncursed potion of gain energy
  L - a blessed potion of levitation
  C - an uncursed potion of polymorph
  N - a blessed potion of sickness
  D - a cursed potion of sickness
  p - 2 uncursed potions of speed
 Rings    ('=')
  y - an uncursed ring of levitation
  I - a cursed ring of sustain ability
 Wands    ('/')
  w - a wand of create monster (0:11)
  E - a wand of light (0:9)
  V - a cursed wand of polymorph (0:7)
  A - a wand of slow monster (0:7)
  t - a wand of striking (0:1)
 Tools    ('(')
  Q - an uncursed blindfold
  m - an expensive camera (0:55)
  d - a +0 pick-axe (alternate weapon; not wielded)
  u - an uncursed skeleton key
  O - an uncursed skeleton key
  P - an uncursed stethoscope named sleepres
  k - an uncursed tallow candle
  o - an uncursed tin whistle
 Gems/Stones  ('*')
  n - an uncursed garnet stone
  g - an uncursed worthless piece of green glass
  Y - an uncursed worthless piece of yellow glass
  R - an uncursed worthless piece of yellowish brown glass

DiePARTEI the Tourist's attributes:

Background:
 You were an Excursionist, a level 6 male human Tourist.
 You were neutral, on a mission for The Lady
 who was opposed by Blind Io (lawful) and Offler (chaotic).
 You were right-handed.
 You were in Sokoban, on level 4.
 You entered the dungeon 4254 turns ago.
 You had 617 experience points, 23 more were needed to attain level 7.

Basics:
 You had 0 out of 52 hit points.
 You had all 21 energy points (spell power).
 Your armor class was 1.
 Your wallet contained 260 zorkmids.
 Autopickup was off.

Final Characteristics:
 Your strength was 9 (peak:13, limit:18/100).
 Your dexterity was 14 (limit:18).
 Your constitution was 16 (limit:18).
 Your intelligence was 12 (limit:18).
 Your wisdom was 7 (limit:18).
 Your charisma was 17 (limit:18).

Final Status:
 You weren't hungry.
 You were burdened; movement was slightly slowed.
 You were bare handed.
 You had basic skill with bare handed combat.

Final Attributes:
 You were piously aligned.
 Your items were somewhat protected from fire.
 Your items were somewhat protected from cold.
 You were sleep resistant.
 You were telepathic.
 You were invisible.
 You were guarded.
 Your spell casting was impaired by metallic armor.
 You were unlucky.
 You are dead.

Miscellaneous:
 You didn't encounter any bones levels.
 Total elapsed playing time was 36 minutes and 52 seconds.

Major events:
 Turn
    1: DiePARTEI the neutral male human Tourist entered the dungeon
 1406: attained the rank of Sightseer (level 3)
 1752: entered the Gnomish Mines
 2052: reached Mine Town
 3160: attained the rank of Excursionist (level 6)
 3292: entered Sokoban
 3780: completed 1st Sokoban level
 4254: killed by a werewolf, while praying

Spells:
 Name                 Level Category     Fail Retention
 force bolt             1   attack       100%  76%-100%

Skills:
 Fighting Skills
   bare handed combat [Basic]
   two weapon combat  [Unskilled]
   riding             [Unskilled]
 Weapon Skills
   dagger             [Unskilled]
   knife              [Unskilled]
   axe                [Unskilled]
   pick-axe           [Unskilled]
   short sword        [Unskilled]
   broadsword         [Unskilled]
   long sword         [Unskilled]
   two-handed sword   [Unskilled]
   saber              [Unskilled]
   mace               [Unskilled]
   morning star       [Unskilled]
   flail              [Unskilled]
   hammer             [Unskilled]
   quarterstaff       [Unskilled]
   polearms           [Unskilled]
   spear              [Unskilled]
   trident            [Unskilled]
   lance              [Unskilled]
   bow                [Unskilled]
   sling              [Unskilled]
   crossbow           [Unskilled]
   dart               [Skilled]
   shuriken           [Unskilled]
   boomerang          [Unskilled]
   whip               [Unskilled]
   unicorn horn       [Unskilled]
 Spellcasting Skills
   divination spells  [Unskilled]
   enchantment spells [Unskilled]
   escape spells      [Unskilled]

Voluntary challenges:
 Character rerolling was not enabled.
 You never genocided any monsters.
 You never polymorphed an object.
 You never changed form.
 You used no wishes.
 You violated the special Sokoban rules twice.
Achievements:
 You entered a shop.
 You attained the rank of Sightseer.
 You entered the Gnomish Mines.
 You entered Minetown.
 You attained the rank of Excursionist.
 You entered Sokoban.

 The Dungeons of Doom: levels 1 to 6
    Level 1:
    Level 2:
       A general store.
    Level 3:
    Level 4:
       A tool shop, a fountain.
       Stairs down to The Gnomish Mines.
    Level 5:
    Level 6:
       Stairs up to Sokoban, level 5.
 The Gnomish Mines: levels 5 to 8
    Level 5:
    Level 6:
    Level 7:
    Level 8:
       An altar, some fountains.
 Sokoban: levels 5 up to 4
    Level 4: <- You were here.
       Unsolved.
       Final resting place for
          you, killed by a werewolf, while praying.
    Level 5:
       Solved.


Vanquished creatures:
 an elf mummy
  a dog
  a jaguar
  a blue jelly
  a dust vortex
  a snake
  a human zombie
  a Woodland-elf
  a rock mole
  2 fog clouds
  a yellow light
  a shrieker
  a violet fungus
  3 gnome leaders
  a straw golem
  a baby crocodile
  2 giant ants
  2 floating eyes
  5 dwarves
  a homunculus
 10 hill orcs
  a centipede
  4 orc zombies
  a werejackal
  3 iguanas
  8 coyotes
  a gas spore
  a hobbit
  2 cave spiders
  a green mold
  a red mold
 26 gnomes
 14 jackals
  a fox
  2 kobolds
  3 goblins
  3 grid bugs
  6 lichens
  2 kobold zombies
  7 newts
126 creatures vanquished.

No species were genocided or became extinct.

Game over:
                       ----------
                      /          \
                     /    REST    \
                    /      IN      \
                   /     PEACE      \
                  /                  \
                  |    DiePARTEI     |
                  |      260 Au      |
                  |   killed by a    |
                  |     werewolf     |
                  |                  |
                  |                  |
                  |       2026       |
                 *|     *  *  *      | *
        _________)/\\_//(\/(/\)/\//\/|_)_______

Aloha DiePARTEI the Tourist...

You died in Sokoban on dungeon level 4 with 2921 points,
and 260 pieces of gold, after 4254 moves.
You were level 6 with a maximum of 52 hit points when you died.

